 Dungeon Crawl Stone Soup version 0.17-a0-18-gc25b939 (webtiles) character file.

5203 Chiseanne the Nimble (level 10, 0/71 HPs)
             Began as an Octopode Fighter on Mar 12, 2015.
             Was an Initiate of Gozag.
             Slain by a yak (9 damage)
             ... on level 9 of the Dungeon.
             The game lasted 00:44:53 (13223 turns).

Chiseanne the Nimble (Octopode Fighter)            Turns: 13223, Time: 00:44:54

Health: 0/71       AC:  1    Str: 16    XL:     10   Next: 60%
Magic:  10/10      EV: 15    Int: 14    God:    Gozag
Gold:   912        SH: 14    Dex: 11    Spells: 1 memorised, 8 levels left

rFire  + . .     SeeInvis .     a - +4 dagger of Beogh's Scorn {venom, rF+ rC+}
rCold  + . .     Clarity  .     c - +4 shield
rNeg   . . .     SustAb   +     (helmet restricted)
rPois  .         Gourm    .     (no amulet)
rElec  .         Spirit   .     v - +2 ring of intelligence
rCorr  .         Warding  .     x - ring of sustain abilities
rMut   .         Stasis   .     J - ring of loudness
MR     .....                    y - ring of flight
Stlth  +.........               K - -2 ring of dexterity
                                (no ring)
                                (no ring)
                                (no ring)

@: very slightly contaminated, not resistant to hostile enchantments, very
unstealthy
A: almost no armour, amphibious, 8 rings, constrict 8, camouflage 1, gelatinous
body 1
a: Potion Petition, Call Merchant, Bribe Branch, Renounce Religion, Evoke Flight


You were on level 9 of the Dungeon.
You worshipped Gozag.
Gozag was noncommittal.
You were not hungry.

You visited 1 branch of the dungeon, and saw 10 of its levels.

You collected 1498 gold pieces.
You paid 586 gold pieces to Gozag.

Inventory:

Hand weapons
 a - the +4 dagger of Beogh's Scorn (weapon) {venom, rF+ rC+}
   (You found it on level 6 of the Dungeon)

   It poisons the flesh of those it strikes.
   It protects you from fire.
   It protects you from cold.
 d - a +1 long sword of freezing
 f - a +2 war axe of venom
 s - a +2 spear of flaming
 u - the cursed +2 dire flail "Voycw" {crush, MR+, unknown}
   (You took it off a gnoll on level 4 of the Dungeon)

   It inflicts extra damage upon your enemies.
   It affects your resistance to hostile enchantments.
   It has a curse placed upon it.
 w - a +0 blowgun
 C - a cursed -1 hunting sling
Missiles
 e - 2 throwing nets (quivered)
 g - 53 poisoned needles
 i - 62 sling bullets
 j - 66 arrows
 r - 65 bolts
 D - 12 poisoned sling bullets
 O - 18 poisoned bolts
Armour
 c - a +4 shield (worn)
Jewellery
 b - an uncursed ring of teleportation
 o - an uncursed ring of protection from fire
 v - a +2 ring of intelligence (left tentacle)
 x - a ring of sustain abilities (right tentacle)
 y - a ring of flight (on tentacle)
 B - an uncursed amulet of clarity {unknown}
 H - an uncursed ring of protection from fire
 I - an uncursed amulet of guardian spirit {unknown}
 J - a ring of loudness (on tentacle)
 K - a -2 ring of dexterity (on tentacle)
Scrolls
 F - a scroll of identify
 N - a scroll of recharging
Potions
 h - a potion of cure mutation
 m - 2 potions of haste
 n - a potion of mutation
 p - a potion of lignification
 q - 2 potions of restore abilities
 t - a potion of curing
 z - 2 potions of brilliance
 G - a potion of magic
 L - 2 potions of poison {unknown}
 P - a potion of invisibility {unknown}
Books
 A - a book of Cantrips

   Spells                             Type                      Level
   a - Corona                         Hexes                        1
   b - Animate Skeleton               Necromancy                   1
   c - Summon Small Mammal            Summoning                    1
   d - Apportation                    Translocation                1
 E - a book of Battle

   Spells                             Type                      Level
   a - Infusion                       Charms                       1
   b - Shroud of Golubria             Charms/Translocation         2
   c - Song of Slaying                Charms                       2
   d - Spectral Weapon                Hexes/Charms                 3
   e - Regeneration                   Charms/Necromancy            3
 M - a book of Annihilations {highlevel, unknown}

   This book is beyond your current level of understanding.

   Spells                             Type                      Level
   a - Poison Arrow                   Conjuration/Poison           6
   b - Chain Lightning                Conjuration/Air              8
   c - Lehudib's Crystal Spear        Conjuration/Earth            8
   d - Glaciate                       Conjuration/Ice              9
   e - Fire Storm                     Conjuration/Fire             9
Comestibles
 k - 3 bread rations
 l - 5 meat rations


   Skills:
 * Level 7.2 Fighting
 * Level 2.9 Short Blades
 - Level 5.0 Polearms
 * Level 10.6 Dodging
 * Level 8.3 Shields


You had 8 spell levels left.
You knew the following spells:

 Your Spells              Type           Power        Failure   Level  Hunger
a - Apportation           Tloc           #.........   71%         1    ##.....


Dungeon Overview and Level Annotations

Branches:
Dungeon (10/15)            Temple (0/1) D:7            Lair (0/8) D:10
    Orc: D:9-12

Altars:
Dithmenos
Gozag
Ru
Xom

Shops:
D:10 (

Annotations:
D:3 Herrn's ghost, average TeSk
D:4 Monkaria's ghost, average HOGl
D:5 Antondotnet's ghost, experienced OpWz
D:7 exclusions: 3 killer bees and 1 more exclusion


Innate Abilities, Weirdness & Mutations

You cannot wear most types of armour.
You are amphibious.
You can wear up to eight rings at the same time.
You can use your tentacles to constrict many enemies at once.
Your skin changes colour to match your surroundings (Stealth).
Your rubbery body absorbs attacks (AC +1).


Message History

You see here a ring of protection from fire.
o - a ring of protection from fire The yak bellows!
You block the yak's attack. You block the river rat's attack.
There is a stone staircase leading up here.
You block the river rat's attack. You block the yak's attack.
You block the yak's attack. The river rat closely misses you.
You block the hill giant's attack.
You climb upwards.
There is a stone staircase leading down here.
The river rat bites you!
The hill giant hits you with a giant club!!
* * * LOW HITPOINT WARNING * * *
Drink which item? (? for menu, Esc to quit)
You feel better. The yak completely misses you.
You block the river rat's attack. x2
The yak gores you!
You die...
Your body crumbles into a pile of gold.

#.......>..##
#...........##..#
#...........#.... .
#[...>........... #.
##..[.........#### ##.
##..z.........## #..
###.zCz.z......##
#..###..YYrr##......##
#..#.[..@#####...().#
#.....####
#........... ##..###
#........... ##.##
#...#....... #..###
#..###.....# ###..##
...# ..... ##..##
##..## #...
##..###.....# #.
##.........#


You could see a hill giant, 2 yaks, 4 wights and 2 river rats.

Vanquished Creatures
  Prince Ribbit (D:6)
  A hippogriff (D:10)
  A hungry ghost (D:8)
  3 sky beasts
  A porcupine (D:10)
  2 phantoms
  An ice beast (D:8)
  8 centaurs
  2 black bears
  A wasp (D:8)
  8 ogres
  2 crocodiles (D:10)
  Duvessa (D:8)
  2 big kobolds
  Blork the orc (D:6)
  A wyvern zombie (D:7)
  3 giant frogs
  2 scorpions
  5 killer bees (D:7)
  5 crimson imps
  9 wights (D:8)
  Dowan (D:8)
  A quasit (D:8)
  A giant frog skeleton (D:6)
  2 orc priests
  A centaur skeleton (D:5)
  2 iguanas
  4 orc wizards
  9 worker ants
  2 worker ant zombies
  A mummy (D:7)
  45 gnolls (D:4)
  11 adders
  2 river rats (D:10)
  2 giant mites
  6 worms
  An adder skeleton (D:9)
  7 giant geckos
  2 oozes
  19 orcs
  19 bats
  A bat zombie (D:10)
  6 giant cockroaches
  10 goblins
  12 hobgoblins
  20 jackals
  22 kobolds
  4 quokkas
  2 ball pythons
  A giant gecko skeleton (D:4)
  A giant newt (D:2)
  A quokka skeleton (D:4)
  11 rats
289 creatures vanquished.

Vanquished Creatures (collateral kills)
  A wight (D:9)
  2 orc wizards (D:9)
  An adder zombie (D:9)
  3 orcs
7 creatures vanquished.

Vanquished Creatures (others)
  An adder (D:8)
  A goblin (D:4)
  A hobgoblin (D:3)
  A giant gecko skeleton (D:8)
  A giant spore (D:8)
  3 plants (D:10)
8 creatures vanquished.

Grand Total: 304 creatures vanquished

Notes
Turn   | Place    | Note
--------------------------------------------------------------
     0 | D:1      | Chiseanne, the Octopode Fighter, began the quest for the Orb.
     0 | D:1      | Reached XP level 1. HP: 16/16 MP: 1/1
    91 | D:1      | Reached XP level 2. HP: 5/21 MP: 2/2
   790 | D:1      | Reached XP level 3. HP: 13/26 MP: 3/3
  1374 | D:2      | Reached XP level 4. HP: 21/31 MP: 4/4
  1962 | D:3      | Reached skill level 4 in Dodging
  1994 | D:3      | Found an opulent altar of Gozag.
  2034 | D:3      | Noticed Herrn's ghost (average TeSk)
  2993 | D:4      | Reached XP level 5. HP: 11/37 MP: 5/5
  3257 | D:4      | Learned a level 1 spell: Apportation
  3378 | D:4      | Found a shadowy altar of Dithmenos.
  3480 | D:4      | Reached XP level 6. HP: 31/43 MP: 6/6
  3642 | D:4      | Reached skill level 5 in Dodging
  4160 | D:4      | Reached XP level 7. HP: 23/48 MP: 7/7
  4457 | D:4      | Noticed an ogre
  4470 | D:4      | Killed an ogre
  4931 | D:4      | Noticed a phantom
  4975 | D:4      | Killed a phantom
  4975 | D:4      | Reached skill level 6 in Dodging
  5290 | D:3      | Became a worshipper of Gozag Ym Sagoz the Greedy
  5501 | D:4      | Reached skill level 5 in Shields
  5816 | D:4      | Reached XP level 8. HP: 36/54 MP: 8/8
  5851 | D:4      | Noticed an ogre
  5859 | D:4      | Killed an ogre
  5953 | D:4      | Reached skill level 5 in Fighting
  6406 | D:4      | Got a crystal dire flail
  6557 | D:4      | Noticed Monkaria's ghost (average HOGl)
  6572 | D:5      | Entered Level 5 of the Dungeon
  6622 | D:5      | Reached skill level 7 in Dodging
  6872 | D:5      | Found a shimmering altar of Xom.
  7048 | D:5      | Noticed Antondotnet's ghost (experienced OpWz)
  7566 | D:6      | Noticed Blork the orc
  7569 | D:6      | Killed Blork the orc
  7569 | D:6      | Reached XP level 9. HP: 62/62 MP: 9/9
  7733 | D:6      | Reached skill level 5 in Polearms
  7824 | D:6      | Reached skill level 8 in Dodging
  7961 | D:6      | Got a bloodstained dagger
  7964 | D:6      | Identified the +4 dagger of Beogh's Scorn {venom, rF+ rC+} (You found it on level 6 of the Dungeon)
  8417 | D:6      | Found a sacrificial altar of Ru.
  8610 | D:6      | Noticed Prince Ribbit
  8912 | D:6      | Killed Prince Ribbit
  9200 | D:6      | Reached skill level 1 in Short Blades
  9457 | D:7      | Found a staircase to the Ecumenical Temple.
  9740 | D:7      | Reached skill level 9 in Dodging
 10353 | D:8      | Reached XP level 10. HP: 55/69 MP: 10/10
 10919 | D:8      | Reached skill level 10 in Dodging
 11705 | D:8      | Noticed Duvessa
 11705 | D:8      | Noticed Dowan
 11721 | D:8      | Killed Duvessa
 11736 | D:8      | Killed Dowan
 12764 | D:10     | Entered Level 10 of the Dungeon
 12764 | D:10     | Found Azenk's Weapon Shop.
 13030 | D:10     | Noticed a hill giant
 13044 | D:10     | Found a staircase to the Lair.
 13044 | D:10     | Noticed a hill giant
 13045 | D:10     | Noticed a manticore
 13218 | D:9      | HP: 3/71 [hill giant/giant club (33)]
 13223 | D:9      | Slain by a yak

Action                   |  1- 3 |  4- 6 |  7- 9 | 10-12 || total
-------------------------+-------+-------+-------+-------++-------
Melee: Trident           |    81 |   136 |   131 |       ||   348
       Spear             |       |       |   237 |   147 ||   384
       Dagger            |       |       |    57 |    45 ||   102
       War axe           |       |       |     2 |       ||     2
       Long sword        |       |       |       |     3 ||     3
 Fire: Blowgun           |       |       |       |     3 ||     3
Invok: Call Merchant     |       |       |       |     1 ||     1
Evoke: Wand              |       |     4 |    16 |       ||    20
  Use: Scroll            |       |    14 |    14 |    10 ||    38
       Potion            |       |       |    12 |     4 ||    16
 Stab: Sleeping          |     1 |     2 |     5 |       ||     8
       Distracted        |       |     1 |     3 |       ||     4
  Eat: Chunk             |     1 |     9 |     3 |       ||    13
       Beef jerky        |       |       |     7 |       ||     7
       Royal jelly       |       |       |     1 |       ||     1
       Bread ration      |       |       |     3 |     1 ||     4
       Pizza             |       |       |     1 |       ||     1
